 Dungeon Crawl Stone Soup version 0.31.0-11-ge490571c62 (webtiles) character file.

Game seed: 17470549574811160063

35 qw the Shooter (level 3, -2/18 HPs)
             Began as a Spriggan Hunter on Feb 3, 2024.
             Slain by Natasha (5 damage)
             ... on level 2 of the Dungeon.
             The game lasted 00:00:03 (980 turns).

qw the Shooter (Spriggan Hunter)                     Turns: 980, Time: 00:00:04

Health: -2/18      AC:  2    Str:  4 (7)  XL:     3   Next: 16%
Magic:  4/4        EV: 18    Int:  7 (10) God:
Gold:   55         SH:  0    Dex: 17 (20) Spells: 2/2 levels left

rFire   . . .        a - +0 shortbow
rCold   . . .        (shield currently unavailable)
rNeg    . . .        c - +0 robe
rPois   .            (helmet restricted)
rElec   .            (no cloak)
rCorr   .            (gloves unavailable)
SInv    +            (boots unavailable)
Will    .....        (no amulet)
Stlth   ++           (no ring)
HPRegen 0.23/turn    (no ring)
MPRegen 0.09/turn

%: no passive effects
@: very quick
A: very small, no large weapons, unfitting armour, see invisible, speed 3
a: no special abilities


You were on level 2 of the Dungeon.
You visited 1 branch of the dungeon, and saw 2 of its levels.

You collected 94 gold pieces.
You spent 39 gold pieces at shops.


Innate Abilities, Weirdness & Mutations

You are very small and have problems with some larger weapons.
You are too small for most types of armour.
You have supernaturally acute eyesight. (SInv)
You cover ground extremely quickly. (Speed+++)


   Skills:
 - Level 1.5 Fighting
 + Level 4.5 Ranged Weapons
 - Level 4.0 Dodging
 - Level 1.5 Stealth


You had 2 spell levels left.
You didn't know any spells.
Your spell library was empty.

Inventory:

Hand Weapons
 a - a +0 shortbow (weapon)
Armour
 c - a +0 robe (worn)
Potions
 e - a potion of invisibility {unknown}
 h - a potion of curing
 i - a potion of heal wounds {unknown}

Dungeon Overview and Level Annotations

Branches:
Dungeon (2/15)

Altars:

Shops:
D:1 *

Annotations:
D:2 Natasha


Message History

The cerulean imp is almost dead.
The cerulean imp misses you.
An adder comes into view.
Natasha casts a spell.
972 ||| RETREEEEATING.
You shoot an arrow.
The arrow barely misses the cerulean imp.
The arrow misses the cerulean imp.
Natasha stares at you and mumbles some strange words.
The magic dart hits you. The cerulean imp barely misses you.
You shoot an arrow.
The arrow hits the cerulean imp but does no damage.
The cerulean imp is almost dead.
The cerulean imp misses you. The cerulean imp completely misses you.
You shoot an arrow.
The arrow barely misses the cerulean imp.
The arrow hits the cerulean imp.
The cerulean imp is lightly wounded.
The cerulean imp misses you. The cerulean imp barely misses you.
976 ||| RETREEEEATING.
The cerulean imp completely misses you.
The cerulean imp hits you with a +2 spear.
You shoot an arrow.
The arrow barely misses the cerulean imp.
The cerulean imp hits you with a +4 spear.
The cerulean imp closely misses you.
The cerulean imp hits you with a +2 spear.
You shoot an arrow.
The arrow hits the cerulean imp but does no damage.
The cerulean imp is almost dead.
The cerulean imp closely misses you. x2
The cerulean imp hits you with a +2 spear.
The cerulean imp barely misses you.
You shoot an arrow. The arrow misses the cerulean imp.
The cerulean imp disappears in a puff of smoke!
The cerulean imp closely misses you. x2
980 ||| RETREEEEATING.
Natasha attacks as she pursues you! Natasha claws you.
You die...
Natasha curls up and begins to purr.

..# .....#..
#.###.......#.
##.#....??.....
#########.....# ......=
#...<.........# .......
#....>........# 5......
#.............##ยค......
#.............@h5......
#...%.........###.....#
#....>........# ....#
#.......#.....# ..##
#####...#.....# ?#
...........[. #
.)...########## #...##
...#


You could see Natasha and a cerulean imp (summoned).

Vanquished Creatures
  4 dart slugs
  4 bats (D:1)
  5 goblins
  2 hobgoblins (D:1)
  2 kobolds (D:1)
  A quokka (D:1)
  4 ball pythons
  A frilled lizard (D:1)
  2 rats (D:1)
25 creatures vanquished.

Notes
Turn   | Place    | Note
-------+----------+-------------------------------------------
     0 | D:1      | qw the Spriggan Hunter began the quest for the Orb.
     0 | D:1      | Reached XP level 1. HP: 10/10 MP: 2/2
     0 | D:1      | 0 ||| qw: Version: 0.3-a-157-g843a77d
     0 | D:1      | 0 ||| qw: Game counter: 3560
     0 | D:1      | 0 ||| qw: Melee chars always use a shield: true
     0 | D:1      | 0 ||| qw: God list: Okawaru
     0 | D:1      | 0 ||| qw: Allow faded altars: false
     0 | D:1      | 0 ||| qw: Do Orc after clearing Dungeon:15 true
     0 | D:1      | 0 ||| qw: Do second Lair branch before Depths: true
     0 | D:1      | 0 ||| qw: Lair rune preference: random
     0 | D:1      | 0 ||| qw: Goals: Normal
     0 | D:1      | 0 ||| PLANNING D:1-11
    46 | D:1      | Reached skill level 3 in Dodging
   139 | D:1      | Reached XP level 2. HP: 14/14 MP: 3/3
   322 | D:1      | Found Tokkas's General Store.
   327 | D:1      | 327 ||| BUYING potion of curing (39 gold).
   327 | D:1      | Bought a potion of curing for 39 gold pieces
   327 | D:1      | 327 ||| SHOPLISTING scroll of teleportation (39 gold, have
                  | 14).
   483 | D:1      | Reached XP level 3. HP: 18/18 MP: 4/4
   665 | D:1      | 665 ||| READING scroll labelled XIK MOREHUY.
   665 | D:1      | 665 ||| IDENTIFYING inky potion
   666 | D:1      | 666 ||| READING scroll labelled WUREET WAIWK.
   767 | D:1      | 767 ||| DRINKING 2 fuming puce potions.
   768 | D:1      | 768 ||| DROPPING scroll of butterflies.
   769 | D:1      | 769 ||| DROPPING potion of brilliance.
   770 | D:1      | 770 ||| DROPPING potion of degeneration.
   839 | D:2      | 839 ||| STAIRDANCE
   843 | D:2      | 843 ||| STAIRDANCE
   847 | D:2      | 847 ||| STAIRDANCE
   851 | D:2      | 851 ||| STAIRDANCE
   855 | D:2      | 855 ||| STAIRDANCE
   884 | D:2      | 884 ||| STAIRDANCE
   899 | D:2      | 899 ||| STAIRDANCE
   916 | D:2      | 916 ||| STAIRDANCE
   936 | D:2      | 936 ||| STAIRDANCE
   967 | D:2      | Noticed Natasha
   972 | D:2      | 972 ||| RETREEEEATING.
   976 | D:2      | 976 ||| RETREEEEATING.
   978 | D:2      | HP: 2/18 [cerulean imp/+2 spear[Natasha] (3)]
   980 | D:2      | 980 ||| RETREEEEATING.
   980 | D:2      | Slain by Natasha

Levels and vault maps discovered:
D:1:      minmay_arrival_wavy_path, layout_loops_ring, serial_shops,
          nicolae_shop_pleasant_corner_grove
D:2:      layout_rooms, shapermc_ecumenical_altar_mp_urbaneastern, serial_shops,
          nicolae_shop_tiny_statue_garden, chequers_serial_rivers_room_a,
          uniq_natasha, uniq_terence

Skill      XL: |  1  2 |
---------------+-------+-----
Dodging        | 3 4 |  4.0
Fighting       | |  1.5
Ranged Weapons | |  4.5
Stealth        | |  1.5

Action                     || total
---------------------------++-------
   Fire: Shortbow          ||    63
    Use: Scroll            ||     2
         Potion            ||     1
 Armour: Robe              ||    14
  Dodge: Dodged            ||    31

Table legend:
 A = Non-vault XP
 B = Vault XP
 C = Vault XP percentage of total XP
 D = Non-vault monster count
 E = Vault monster count
 F = Vault count percentage of total count
                 A         B        C        D         E       F
            +---------+---------+-------+---------+---------+-------
      Total |      50 |       0 |   0.0 |      25 |       0 |   0.0
            +---------+---------+-------+---------+---------+-------
        D:1 |      43 |       0 |   0.0 |      22 |       0 |   0.0
        D:2 |       7 |       0 |   0.0 |       3 |       0 |   0.0
            +---------+---------+-------+---------+---------+-------
